 Dungeon Crawl Stone Soup version 0.17.1-2-g5865329 (webtiles) character file.

1094 FortyThree the Martial Artist (level 8, -2/43 HPs)
             Began as a Vine Stalker Monk on Jan 15, 2016.
             Was a High Priest of Jiyva.
             Slain by an orc warrior
             ... wielding a +0 scimitar
              (11 damage)
             ... on level 6 of the Dungeon.
             The game lasted 00:11:30 (3951 turns).

FortyThree the Martial Artist (Vine Stalker Monk)   Turns: 3951, Time: 00:11:30

Health: -2/43      AC:  3    Str: 13    XL:     8   Next: 31%
Magic:  0/9        EV: 16    Int:  9    God:    Jiyva [*****.]
Gold:   283        SH:  0    Dex: 21    Spells: 0 memorised, 7 levels left

rFire  . . .     SeeInvis .       - Unarmed
rCold  . . .     Clarity  .     a - +0 robe
rNeg   . . .     SustAt   .     (no shield)
rPois  .         Gourm    .     (no helmet)
rElec  .         Spirit   +     (no cloak)
rCorr  +         Warding  .     v - +0 pair of gloves
rMut   .         Stasis   .     (no boots)
MR     +....                    (no amulet)
Stlth  ++++......               s - +2 ring of evasion
                                e - ring of stealth

@: somewhat resistant to hostile enchantments, stealthy
A: fangs 3, regeneration 2, translucent skin 1, magic shield, antimagic bite, no
device heal 3, rot immunity
a: Request Jelly, Jelly Paralyse, Slimify, Cure Bad Mutation, Renounce Religion


You were on level 6 of the Dungeon.
You worshipped Jiyva.
Jiyva was extremely pleased with you.
You were not hungry.

You visited 2 branches of the dungeon, and saw 7 of its levels.

You collected 283 gold pieces.

Inventory:

Armour
 a - a +0 robe (worn)
 v - a +0 pair of gloves (worn)
Jewellery
 e - a ring of stealth (left hand)
 g - an uncursed ring of flight
 l - an uncursed ring of invisibility
 s - a +2 ring of evasion (right hand)
Wands
 m - a wand of invisibility (4)
 q - a wand of slowing (25)
 B - a wand of teleportation (6)
Scrolls
 i - 7 scrolls of identify
 n - 2 scrolls of remove curse {unknown}
 t - 2 scrolls of random uselessness {unknown}
 u - a scroll of immolation {unknown}
 w - a scroll of amnesia {unknown}
 x - a scroll of enchant weapon {unknown}
 y - a scroll of magic mapping {unknown}
 C - a scroll of holy word {unknown}
 D - a scroll of blinking {unknown}
Potions
 d - 3 potions of heal wounds {unknown}
 f - a potion of mutation {unknown}
 h - a potion of flight {unknown}
 k - a potion of ambrosia {unknown}
 o - a potion of invisibility {unknown}
 p - 2 potions of curing {unknown}
 z - a potion of resistance {unknown}
 A - a potion of might {unknown}
Comestibles
 b - 3 bread rations
 c - 12 fruits
 j - a royal jelly
 r - 2 slices of pizza


   Skills:
 - Level 5.1 Fighting
 + Level 3.2 Dodging
 - Level 2.4 Stealth
 * Level 8.8 Unarmed Combat


You had 7 spell levels left.
You didn't know any spells.

Dungeon Overview and Level Annotations

Branches:
Dungeon (6/15)             Temple (1/1) D:4

Altars:
Dithmenos
Fedhas
Makhleb
Nemelex Xobeh
Okawaru
Qazlal
Ru
Jiyva

Annotations:
D:5 exclusion: oklob plant
D:6 Pikel


Innate Abilities, Weirdness & Mutations

You have razor-sharp teeth.
You heal very quickly.
When hurt, damage is shared between your health and your magic reserves.
Your bite disrupts and absorbs the magic of your enemies.
Potions and wands cannot restore your health.
You are immune to rotting.
Your skin is partially translucent (Stealth, -foe acc).


Message History

You kill the orc priest!
The orc warrior hits you with a scimitar!!
* * * LOW HITPOINT WARNING * * *
The orc closely misses you.
There is an open door here.
You closely miss the orc warrior.
You bite the orc warrior, but do no damage.
The orc warrior is moderately wounded.
The orc warrior barely misses you.
You barely miss the orc warrior. Your bite misses the orc warrior.
The orc warrior is moderately wounded.
You hit the orc warrior but do no damage.
Your bite misses the orc warrior.
The orc warrior is moderately wounded.
The orc warrior hits you with a scimitar!
* * * LOW HITPOINT WARNING * * *
Found a green potion and a scroll of identify.
Found 12 gold pieces.
The orc warrior hits you with a scimitar!
You die...

#...........#............
........#............
........#............
........'............
........#............
######..#............
###.#######.....##+##
#.........#.....#
#...@....$#.....#
#...o.....#.....# +##
###.#######.....#
...#######o###......####
.?...........#......#
...!.........#......#
.............#......#
..###..######......# ##
#..##......#+###


You could see an orc warrior and an orc.

Vanquished Creatures
  Eustachio (D:5)
  3 ogres
  A slave (D:6)
  A centaur (D:4)
  A scorpion (D:5)
  The ghost of FortyThree the Ruffian, a weakling VSMo (D:3)
  6 orc priests
  3 orc wizards
  A worker ant (D:6)
  A worker ant zombie (D:5)
  5 gnolls
  6 adders
  A shadow imp (D:6)
  2 oozes
  3 worms
  22 orcs
  7 hobgoblins
  8 bats
  7 giant cockroaches
  A giant cockroach zombie (D:5)
  5 giant geckos
  2 giant newts
  6 goblins (D:1)
  6 kobolds
  5 quokkas
  10 rats
115 creatures vanquished.

Vanquished Creatures (others)
  Sigmund (D:5)
  A scorpion (D:5)
  3 jellies (D:5)
  A worker ant (D:5)
  5 gnolls (D:5)
  An orc (D:5)
  A quokka skeleton (D:5)
  4 fungi (D:5)
  A plant (D:5)
  11 toadstools (D:5)
29 creatures vanquished.

Grand Total: 144 creatures vanquished

Notes
Turn   | Place    | Note
--------------------------------------------------------------
     0 | D:1      | FortyThree the Vine Stalker Monk began the quest for the Orb.
     0 | D:1      | Reached XP level 1. HP: 11/11 MP: 2/2
    97 | D:1      | Reached XP level 2. HP: 11/16 MP: 1/3
   563 | D:1      | Reached XP level 3. HP: 18/20 MP: 4/4
   936 | D:2      | Found a sparkling altar of Nemelex Xobeh.
  1028 | D:2      | You fall through a shaft for 2 floors!
  1345 | D:2      | Reached skill level 5 in Unarmed Combat
  1345 | D:2      | Reached XP level 4. HP: 20/24 MP: 5/5
  1714 | D:3      | Noticed FortyThree's ghost (weakling VSMo)
  1727 | D:3      | Killed FortyThree's ghost
  1805 | D:3      | Reached XP level 5. HP: 29/29 MP: 6/6
  2106 | D:3      | Reached skill level 6 in Unarmed Combat
  2119 | D:3      | Gained mutation: You heal very quickly. [Vine Stalker growth]
  2119 | D:3      | Reached XP level 6. HP: 17/33 MP: 2/7
  2338 | D:4      | Noticed an ogre
  2347 | D:4      | Killed an ogre
  2426 | D:4      | Found a staircase to the Ecumenical Temple.
  2428 | D:4      | Noticed an ogre
  2437 | D:4      | Killed an ogre
  2437 | D:4      | Reached skill level 7 in Unarmed Combat
  2437 | D:4      | Reached XP level 7. HP: 38/38 MP: 8/8
  2447 | Temple   | Entered the Ecumenical Temple
  2556 | Temple   | Became a worshipper of Jiyva Joovvan the Shapeless
  2556 | Temple   | Reached * piety under Jiyva
  2556 | Temple   | Reached ** piety under Jiyva
  2742 | D:4      | Reached *** piety under Jiyva
  2767 | D:4      | Got a faintly glowing ring mail
  2789 | D:4      | Identified the +2 ring mail of the Known World {rC++ MP-9} (You found it on level 4 of the Dungeon)
  2864 | D:4      | Noticed a centaur
  2873 | D:4      | Killed a centaur
  2910 | D:4      | Found an iron altar of Okawaru.
  3015 | D:5      | Entered Level 5 of the Dungeon
  3118 | D:5      | Noticed Sigmund
  3118 | D:5      | Reached **** piety under Jiyva
  3127 | D:5      | Reached skill level 5 in Fighting
  3152 | D:5      | Killed Sigmund
  3195 | D:5      | Gained mutation: Your skin is partially translucent (Stealth, -foe acc). [Jiyva's grace]
  3213 | D:5      | Found a shadowy altar of Dithmenos.
  3213 | D:5      | Found a stormy altar of Qazlal.
  3213 | D:5      | Found a sacrificial altar of Ru.
  3300 | D:5      | Noticed Eustachio
  3316 | D:5      | Killed Eustachio
  3316 | D:5      | Reached skill level 8 in Unarmed Combat
  3316 | D:5      | Gained mutation: You have razor-sharp teeth. [Vine Stalker growth]
  3316 | D:5      | Reached XP level 8. HP: 43/43 MP: 9/9
  3356 | D:5      | Found a blossoming altar of Fedhas.
  3370 | D:5      | Noticed an oklob plant
  3465 | D:5      | Reached ***** piety under Jiyva
  3569 | D:5      | Found a burning altar of Makhleb.
  3850 | D:6      | Found a shadowy altar of Dithmenos.
  3853 | D:6      | Noticed Pikel
  3951 | D:6      | Slain by an orc warrior

Action                   |  1- 3 |  4- 6 |  7- 9 || total
-------------------------+-------+-------+-------++-------
Melee: Unarmed           |    79 |   127 |   175 ||   381
Invok: Request Jelly     |       |       |     2 ||     2
  Use: Scroll            |       |       |     1 ||     1
 Stab: Sleeping          |    11 |     7 |     6 ||    24
       Distracted        |       |       |     1 ||     1
  Eat: Chunk             |       |     4 |     1 ||     5
